 Dungeon Crawl Stone Soup version 0.19-a0-1886-gd64a0f0 (webtiles) character file.

28 Kirkhe the Chopper (level 3, 27/27 HPs)
             Began as a Demonspawn Gladiator on Oct 16, 2016.
             Quit the game on level 1 of the Dungeon.
             The game lasted 00:01:14 (625 turns).

Kirkhe the Chopper (Demonspawn Gladiator)            Turns: 625, Time: 00:01:14

Health: 27/27      AC:  5    Str: 16    XL:     3   Next: 0%
Magic:  0/3        EV: 12    Int:  9    God:
Gold:   56         SH:  0    Dex: 13    Spells: 0 memorised, 2 levels left

rFire  . . .     SeeInvis .     a - +0 war axe
rCold  . . .     Gourm    .     e - +0 troll leather armour
rNeg   . . .     Faith    .     (no shield)
rPois  .         Spirit   +     c - +0 helmet
rElec  .         Dismiss  .     (no cloak)
rCorr  .         Reflect  .     (no gloves)
MR     .....     Harm     .     (no boots)
Stlth  +.........               h - amulet of guardian spirit
                                (no ring)
                                (no ring)

@: no status effects
A: talons 1, demonic guardian 1
a: no special abilities


You were on level 1 of the Dungeon.
You were not hungry.

You visited 1 branch of the dungeon, and saw 1 of its levels.

You collected 56 gold pieces.

Inventory:

Hand Weapons
 a - a +0 war axe (weapon)
 j - a +0 spear
Missiles
 d - 3 throwing nets (quivered)
 k - 15 poisoned needles
Armour
 c - a +0 helmet (worn)
 e - a +0 troll leather armour (worn)
Jewellery
 h - an amulet of guardian spirit (around neck)
Scrolls
 b - a scroll of magic mapping {unknown}
Potions
 g - a potion of curing {unknown}
 i - a potion of brilliance {unknown}
 l - a potion of heal wounds {unknown}
Comestibles
 f - a bread ration


   Skills:
 - Level 2.0 Fighting
 + Level 3.6 Axes
 - Level 1.7 Throwing
 + Level 0.8 Armour
 - Level 2.6 Dodging


You had 2 spell levels left.
You didn't know any spells.

Dungeon Overview and Level Annotations

Branches:
Dungeon (1/15)

Altars:


Innate Abilities, Weirdness & Mutations

You have sharp toenails.
A weak demonic guardian rushes to your aid.


Message History

The leopard gecko misses you. x2
You miss the leopard gecko.
The leopard gecko is almost dead.
The leopard gecko bites you but does no damage.
You barely miss the leopard gecko.
The leopard gecko is almost dead.
The leopard gecko misses you. The leopard gecko closely misses you.
You hit the leopard gecko.
You kill the leopard gecko!
You have reached level 3!
Your experience leads to an increase in your attributes!
Increase (S)trength, (I)ntelligence, or (D)exterity?
You feel stronger.
You feel monstrous as your demonic heritage exerts itself.
Your demonic ancestry asserts itself...
Your toenails lengthen and sharpen.
Put on which piece of jewellery? (? for menu, Esc to quit)
You feel your power drawn to a protective spirit.
h - an amulet of guardian spirit (around neck) Are you sure you want to abandon this character and quit the game? (Confirm with "yes".)

#.###.# #.# #.###.#.# #....##
#.# ##.#..#.# #.#### ##+#
##.....# #.# ##...## ###.###
#.## ##.....## ### #.# #..##
##.......## ##.###.#
###...####.........####...##.#
....†....+......†..(.......#.#
###...####...(.†@..####...##.##
#..## ##.......## ##.##...##
#.## ##.....## #.......# #.#
##...## #.##...## #.# .....
#.###.## #.# ####.. #.# ### #.#
#.. #.# #.. ..# ###


There were no monsters in sight!

Vanquished Creatures
  An ooze (D:1)
  2 dart slugs (D:1)
  A leopard gecko (D:1)
  6 bats (D:1)
  A goblin (D:1)
  2 hobgoblins (D:1)
  3 kobolds (D:1)
  3 rats (D:1)
19 creatures vanquished.

Notes
Turn   | Place    | Note
-------+----------+-------------------------------------------
     0 | D:1      | Kirkhe the Demonspawn Gladiator began the quest for the Orb.
     0 | D:1      | Reached XP level 1. HP: 16/16 MP: 1/1
    60 | D:1      | Reached skill level 3 in Axes
   250 | D:1      | Gained mutation: A weak demonic guardian rushes to your aid. [demonic ancestry]
   250 | D:1      | Reached XP level 2. HP: 22/22 MP: 2/2
   623 | D:1      | Gained mutation: You have sharp toenails. [demonic ancestry]
   623 | D:1      | Reached XP level 3. HP: 27/27 MP: 3/3
   625 | D:1      | Quit the game

Vault maps used:
D:1:      minmay_arrival_up_and_down, minmay_tromino_v2

Skill      XL: |  1 |
---------------+----+-----
Axes           | 3 |  3.6
Fighting       | |  2.0
Throwing       | |  1.7
Armour         | |  0.8
Dodging        | |  2.6

Action                   || total
-------------------------++-------
Melee: War axe           ||    54
Armor: Troll leather arm ||    36
Dodge: Dodged            ||    52
